 Dungeon Crawl Stone Soup version 0.30-a0-883-g5ad918d77d (webtiles) character file.

Game seed: 12963518057761760016

129 Pimp the Shield-Bearer (level 5, -4/42 HPs)
             Began as a Formicid Fighter on Mar 15, 2023.
             Slain by Blork the orc
             ... wielding a +0 glaive
              (12 damage)
             ... on level 4 of the Dungeon.
             The game lasted 00:03:19 (2208 turns).

Pimp the Shield-Bearer (Formicid Fighter)           Turns: 2208, Time: 00:03:20

Health: -4/42      AC: 11    Str: 22    XL:     5   Next: 35%
Magic:  5/5        EV:  7    Int:  8    God:
Gold:   185        SH:  5    Dex: 13    Spells: 4/4 levels left

rFire   . . .      SeeInvis +    a - +0 war axe
rCold   . . .      Faith    .    c - +0 buckler
rNeg    . . .      Spirit   .    j - +0 chain mail
rPois   .          Reflect  .    (helmet unavailable)
rElec   .          Rampage  .    h - +0 cloak
rCorr   .                        k - +0 pair of gloves
Will    .....                    (no boots) Stlth
                                 (no amulet)
HPRegen 0.27/turn                i - ring of flight
MPRegen 0.09/turn                (no ring)

@: mighty, silenced, flying
A: permanent stasis, dig shafts and tunnels, antennae 3, four strong arms
a: Dig, Shaft Self


You were on level 4 of the Dungeon.
You visited 1 branch of the dungeon, and saw 4 of its levels.

You collected 185 gold pieces.

Inventory:

Hand Weapons
 a - a +0 war axe (weapon)
Missiles
 m - 4 javelins
Armour
 b - a +0 scale mail
 c - a +0 buckler (worn)
 h - a +0 cloak (worn)
 j - a +0 chain mail (worn)
 k - a +0 pair of gloves (worn)
Jewellery
 i - a ring of flight (left hand)
Scrolls
 e - 5 scrolls of identify
 q - a scroll of immolation
 u - a scroll of teleportation {unknown}
Potions
 d - a potion of might
 f - a potion of flight {unknown}
 g - a potion of invisibility
 l - 3 potions of curing {unknown}
 n - a potion of degeneration {unknown}
 o - a potion of cancellation {unknown}
 p - a potion of heal wounds {unknown}
 r - a potion of haste {unknown}
 t - a potion of ambrosia {unknown}


   Skills:
 + Level 4.2 Fighting
 + Level 3.0 Axes
 + Level 4.1 Armour
 + Level 5.1 Shields


You had 4 spell levels left.
You didn't know any spells.
Your spell library contained the following spells:

 Spells                   Type           Power      Damage    Failure   Level
 Gell's Gravitas          Tloc           0%         N/A       100%        3
 Teleport Other           Tloc           0%         N/A       100%        3
 Dispersal                Tloc           0%         N/A       100%        6


Dungeon Overview and Level Annotations

Branches:
Dungeon (4/15)
 Temple: D:4-7

Altars:
Trog

Annotations:
D:4 Blork the orc


Innate Abilities, Weirdness & Mutations

You cannot be hasted, slowed, berserked, paralysed or teleported.
You can dig through walls and to a lower floor.
You have a pair of large antennae on your head. (SInv)
Your four strong arms can wield two-handed weapons with a shield.


Message History

A profound silence engulfs you.
It was a scroll of silence.
Blork the orc closely misses you.
You closely miss Blork the orc.
Blork the orc hits you but does no damage.
You closely miss Blork the orc. Blork the orc barely misses you.
Blork the orc hits you but does no damage.
You hit Blork the orc but do no damage. Blork the orc barely misses you.
You closely miss Blork the orc. Blork the orc barely misses you.
You slash Blork the orc!
Blork the orc is moderately wounded.
Blork the orc hits you with a +0 glaive!
Blork the orc barely misses you.
You closely miss Blork the orc.
Blork the orc is moderately wounded.
Blork the orc hits you with a +0 glaive.
You slash Blork the orc!
Blork the orc is severely wounded.
Blork the orc closely misses you.
Blork the orc hits you with a +0 glaive!
You closely miss Blork the orc.
Blork the orc is severely wounded.
You block Blork the orc's attack.
You barely miss Blork the orc.
Blork the orc is severely wounded.
Blork the orc hits you with a +0 glaive.
You barely miss Blork the orc.
Blork the orc is severely wounded.
Blork the orc hits you with a +0 glaive.
Blork the orc barely misses you.
You hit Blork the orc.
Blork the orc is severely wounded.
You block Blork the orc's attack.
You feel very mighty all of a sudden.
Blork the orc hits you with a +0 glaive!
* * * LOW HITPOINT WARNING * * *
You hit Blork the orc.
Blork the orc is severely wounded.
You block Blork the orc's attack.
Blork the orc hits you with a +0 glaive!
You die...

... #.# ........
#.#..... #.#.##.# ..
#.#.##.# #.##.#.##o#
#.##.#.##@# ##.
####.##.#.##.##<....
..#.##............. #.#
#.#.##.#.##.##..##.
#.###.#........... .^..
##............#####.###.
...###.#)#........ ..
................... ..
...###.#.#..#.##### .


You could see Blork the orc (invisible).

Vanquished Creatures
  Robin (D:3)
  5 adders (D:2)
  A worm (D:3)
  5 ball pythons
  4 bats
  7 endoplasms
  4 giant cockroaches
  12 goblins
  8 hobgoblins
  5 jackals (D:2)
  2 quokkas (D:3)
  5 frilled lizards
  4 kobolds
  2 rats
65 creatures vanquished.

Notes
Turn   | Place    | Note
-------+----------+-------------------------------------------
     0 | D:1      | Pimp the Formicid Fighter began the quest for the Orb.
     0 | D:1      | Reached XP level 1. HP: 18/18 MP: 1/1
   301 | D:1      | Reached XP level 2. HP: 21/24 MP: 2/2
   709 | D:1      | Reached XP level 3. HP: 29/29 MP: 3/3
  1114 | D:2      | Reached XP level 4. HP: 37/37 MP: 4/4
  1409 | D:3      | Noticed Robin
  1416 | D:3      | Reached XP level 5. HP: 36/42 MP: 5/5
  1420 | D:2      | Reached skill level 5 in Shields
  1438 | D:3      | Killed Robin
  2130 | D:4      | Found a bloodstained altar of Trog.
  2190 | D:4      | Noticed Blork the orc
  2208 | D:4      | Slain by Blork the orc

Illustrated notes

Levels and vault maps discovered:
D:1:      co_arrival_random_square_maze, layout_basic
D:2:      layout_rooms, serial_glass, glass_columns_a, glass_columns_b,
          glass_columns_a, glass_columns_b, glass_columns_a, glass_columns_c,
          glass_columns_a, glass_columns_c
D:3:      layout_basic, nicolae_wormholes, uniq_robin
D:4:      layout_basic, nicolae_qazlal_eye_of_the_storm, old_standard_altar,
          minitemple, minmay_temple_entry_mist, dreamdust_wishing_well,
          uniq_blork_the_orc, uniq_grinder

Skill      XL: |  1  2  3  4  5 |
---------------+----------------+-----
Fighting       | 4 |  4.2
Armour         | 4 |  4.1
Shields        | 5 |  5.1
Axes           | 3 |  3.0

Action                     |  1- 3 |  4- 6 || total
---------------------------+-------+-------++-------
  Melee: War axe           |    59 |    83 ||   142
    Use: Scroll            |     3 |     2 ||     5
         Potion            |       |     1 ||     1
 Armour: Scale mail        |    36 |       ||    36
         Chain mail        |     3 |    64 ||    67
  Dodge: Dodged            |    22 |    42 ||    64
  Block: Buckler           |    18 |    30 ||    48

Table legend: (Time is in decaauts)
 A = Elapsed time spent in this place.
 B = Non-inter-level travel time spent in this place.
 C = Inter-level travel time spent in this place.
 D = Time resting spent in this place.
 E = Time spent auto-exploring this place.
 F = Levels seen in this place.
 G = Mean time per level.
                   A        B        C        D        E       F      G
               +--------+--------+--------+--------+--------+-----+--------+
         Total |   2264 |   2129 |    135 |     64 |   1539 |   4 |  566.0 |
       Dungeon |   2264 |   2129 |    135 |     64 |   1539 |   4 |  566.0 |
               +--------+--------+--------+--------+--------+-----+--------+

Top non-repeatable levels by time:
     D:1: 945 daAuts
     D:3: 707 daAuts
     D:2: 524 daAuts
     D:4: 87 daAuts
